 Dungeon Crawl Stone Soup version 0.31.0-11-ge490571c62 (console) character file.

Game seed: 10169611730090809428

10206 erker the Fighter (level 11, -7/97 HPs)
             Began as a Minotaur Fighter on Jan 26, 2024.
             Was a High Priest of Okawaru.
             Killed by vampiric draining
             ... invoked by a vampire
              (20 damage)
             ... on level 10 of the Dungeon.
             The game lasted 00:39:37 (8962 turns).

erker the Fighter (Minotaur Fighter)                Turns: 8962, Time: 00:39:37

Health: -7/97      AC: 23    Str: 25    XL:     11   Next: 33%
Magic:  10/12      EV: 11    Int:  5    God:    Okawaru [*****.]
Gold:   285        SH:  7    Dex: 10    Spells: 10/10 levels left

rFire   + . .        I - +2 war axe
rCold   . . .        c - +0 buckler
rNeg    . . .        J - +0 plate armour {rF+}
rPois   .            (helmet restricted)
rElec   .            (no cloak)
rCorr   .            (no gloves)
SInv    +            n - +1 pair of boots
Will    .....        E - amulet of faith Stlth
                     g - ring of see invisible
HPRegen 0.36/turn    k - +4 ring of protection
MPRegen 0.13/turn

%: faith
@: heroic
A: horns 2, retaliatory headbutt
a: Renounce Religion, Heroism, Finesse, Duel


You were on level 10 of the Dungeon.
You worshipped Okawaru.
Okawaru was extremely pleased with you.
You visited 2 branches of the dungeon, and saw 11 of its levels.

You collected 472 gold pieces.
You spent 187 gold pieces at shops.

Inventory:

Hand Weapons
 a - a +0 war axe
 e - a +2 vampiric long sword
 w - a +2 heavy flail
 I - a +2 war axe (weapon)
Missiles
 q - 3 poisoned darts
 s - 4 curare-tipped darts (quivered)
 x - a throwing net
 H - 5 atropa-tipped darts
 M - 2 boomerangs
Armour
 c - a +0 buckler (worn)
 n - a +1 pair of boots (worn)
 J - a +0 plate armour of fire resistance (worn)
Jewellery
 g - a ring of see invisible (left hand)
 k - a +4 ring of protection (right hand)
 r - a ring of positive energy
 z - an amulet of regeneration
 A - a +6 ring of dexterity
 B - an amulet of magic regeneration
 C - an amulet of guardian spirit
 E - an amulet of faith (around neck)
Talismans
 p - a maw talisman
Wands
 b - a wand of paralysis (7)
 D - a wand of iceblast (9)
Scrolls
 f - 3 scrolls of enchant armour
 h - 7 scrolls of blinking
 i - 7 scrolls of teleportation
 j - 2 scrolls of noise {unknown}
 m - 5 scrolls of fear
 v - 2 scrolls of revelation
 y - a scroll of torment {unknown}
 G - a scroll of fog {unknown}
 K - a scroll of poison {unknown}
 N - 2 scrolls of identify
Potions
 d - a potion of might
 l - a potion of invisibility
 o - 3 potions of mutation
 u - 4 potions of curing
 F - a potion of haste
 L - a potion of resistance
 O - a potion of attraction {unknown}


   Skills:
 + Level 9.6(14.6) Fighting
 - Level 4.0(9.0) Long Blades
 * Level 8.9(13.9) Axes
 - Level 6.0(11.0) Throwing
 + Level 9.3(14.3) Armour
 + Level 7.2(12.2) Dodging
 + Level 8.9(13.9) Shields
 + Level 3.3 Invocations
 + Level 3.2 Evocations


You had 10 spell levels left.
You didn't know any spells.
Your spell library contained the following spells:

 Spells                   Type           Power      Damage    Failure   Level
 Apportation              Tloc           0%         N/A       99%         1
 Necrotise                Necr           0%         1d4       99%         1
 Shock                    Conj/Air       0%         1d3       99%         1
 Sting                    Conj/Alch      0%         1d3       99%         1
 Blink                    Tloc           0%         N/A       100%        2
 Cigotuvi's Dreadful Rot  Necr/Alch/Air  0%         N/A       100%        2
 Lesser Beckoning         Tloc           0%         N/A       100%        2
 Momentum Strike          Conj/Tloc      0%         3d8       100%        2
 Frozen Ramparts          Ice            0%         1d1       100%        3
 Swiftness                Air            0%         N/A       100%        3
 Airstrike                Air            0%         2d(0-16)  100%        4
 Dispel Undead            Necr           0%         3d6       100%        4
 Leda's Liquefaction      Alch/Erth      0%         N/A       100%        4
 Petrify                  Alch/Erth      0%         N/A       100%        4
 Metabolic Englaciation   Hex/Ice        0%         N/A       100%        5
 Conjure Ball Lightning   Conj/Air       0%         3x3d6     100%        6
 Discord                  Hex            0%         N/A       100%        8
 Disjunction              Tloc           0%         N/A       100%        8
 Chain Lightning          Conj/Air       0%         N/A       100%        9
 Fire Storm               Conj/Fire      0%         5d1       100%        9
 Shatter                  Erth           0%         3d5*      100%        9
 Summon Small Mammal      Summ           Unusable   N/A       N/A         1
 Martyr's Knell           Necr/Summ      Unusable   N/A       N/A         4
 Death Channel            Necr           Unusable   N/A       N/A         6

Dungeon Overview and Level Annotations

Branches:
Dungeon (10/15)            Temple (1/1) D:7            Lair (0/5) D:8
    Orc (0/2) D:10

Altars:
Ashenzari
Cheibriados
Dithmenos
Elyvilon
Fedhas
Gozag
Hepliaklqana
Kikubaaqudgha
Makhleb
Nemelex Xobeh
Okawaru
Qazlal
Ru
Sif Muna
Trog
Uskayaw
Vehumet
Wu Jian
Xom
Yredelemnul
Zin
The Shining One

Shops:
D:3 ?   D:4 !   D:5 :   D:7 *

Annotations:
D:4 Dowan, Duvessa
D:7 1 runed translucent door


Innate Abilities, Weirdness & Mutations

You have a pair of horns on your head.
You reflexively headbutt those who attack you in melee.


Message History

You closely miss the vampire.
The vampire is heavily damaged.
The vampire hits you but does no damage.
The vampire barely misses you.
You barely miss the vampire.
The vampire is heavily damaged.
The vampire closely misses you. The vampire barely misses you.
You hit the vampire but do no damage.
The vampire is heavily damaged.
The vampire draws life force from you!
* * * LOW HITPOINT WARNING * * *
The vampire is healed by the life force!
You feel much better.
The vampire hits you but does no damage.
The vampire closely misses you.
You gain the combat prowess of a mighty hero.
The vampire points at you and mumbles some strange words.
You are confused.
You feel better.
The vampire hits you but does no damage.
The vampire bites you but does no damage.
You slash the vampire!
The vampire is severely damaged.
You block the vampire's attack. The vampire closely misses you.
You barely miss the vampire. Your headbutt misses the vampire.
The vampire is severely damaged.
You hit the vampire. Your headbutt misses the vampire.
The vampire is severely damaged.
The vampire hits you! The vampire bites you!
* * * LOW HITPOINT WARNING * * *
The vampire draws strength from your injuries!
You slash the vampire! Your headbutt misses the vampire.
The vampire is almost destroyed.
The vampire draws life force from you!
* * * LOW HITPOINT WARNING * * *
The vampire is healed by the life force!
You hit the vampire but do no damage. Your headbutt misses the vampire.
The vampire is heavily damaged.
The vampire draws life force from you!!
You die...

#####.#.....####.####
...)..#.....##.....## ..
#..####...#.#.......#$..
#...##......#.......#.#
..#'##.####....._......
##..........#.......#
##..........#.......#
.##.........##.V...#
..#...<.....####@####.#
..#..........)........#
#.#.........####...####
#.#............##.##
#.############....# #.#
##.# ..# .. .## .. .#
...


You could see a vampire (invisible).

Vanquished Creatures
  3 two-headed ogres
  Pikel (D:7)
  Jeremiah (D:6)
  3 trolls
  2 hornets (D:8)
  Eustachio (D:4)
  9 yaks
  A wyvern (D:7)
  A steam dragon (D:6)
  2 acid dragons
  3 water moccasins
  2 sky beasts (D:7)
  4 black bears
  5 orc warriors
  An ice beast (D:6)
  6 centaurs
  An ogre (D:6)
  2 kobold brigands
  5 bullfrogs
  2 scorpions (D:6)
  15 wights
  6 killer bees
  A bombardier beetle (D:5)
  3 hounds
  10 orc priests
  A jelly (D:8)
  A gnoll bouda (D:4)
  4 iguanas
  9 orc wizards
  Natasha (thrice) (D:2)
  15 gnolls
  7 adders
  2 ufetubi (D:5)
  2 ribbon worms (D:2)
  38 orcs
  5 ball pythons
  4 bats
  7 endoplasms
  A giant cockroach (D:2)
  6 goblins
  11 hobgoblins
  3 quokkas
  3 frilled lizards
  12 kobolds
  3 rats
227 creatures vanquished.

Vanquished Creatures (others)
  A kobold (D:6)
1 creature vanquished.

Grand Total: 228 creatures vanquished

Notes
Turn   | Place    | Note
-------+----------+-------------------------------------------
     0 | D:1      | erker the Minotaur Fighter began the quest for the Orb.
     0 | D:1      | Reached XP level 1. HP: 19/19 MP: 0/0
   155 | D:1      | Reached skill level 1 in Long Blades
   156 | D:1      | Reached XP level 2. HP: 27/27 MP: 1/1
   366 | D:1      | Found a faded altar of an unknown god.
   683 | D:1      | Reached XP level 3. HP: 33/33 MP: 2/2
   735 | D:2      | Noticed Natasha
   746 | D:2      | Killed Natasha
   793 | D:2      | Noticed Natasha
   811 | D:2      | Killed Natasha
   812 | D:2      | Reached XP level 4. HP: 40/40 MP: 3/3
   835 | D:2      | Noticed Natasha
   848 | D:2      | Killed Natasha
  1471 | D:3      | Found Anliahuc's Magic Scroll Boutique.
  1474 | D:3      | Bought a scroll of teleportation for 42 gold pieces
  1474 | D:3      | Bought a scroll of identify for 28 gold pieces
  1476 | D:3      | Bought a scroll of identify for 28 gold pieces
  1476 | D:3      | Bought a scroll of identify for 28 gold pieces
  1476 | D:3      | Bought a scroll of identify for 28 gold pieces
  1580 | D:3      | Reached XP level 5. HP: 47/47 MP: 4/4
  1917 | D:4      | Noticed Duvessa
  1918 | D:4      | Noticed Dowan
  1955 | D:4      | Noticed Eustachio
  1983 | D:3      | Reached skill level 1 in Dodging
  2058 | D:4      | Killed Eustachio
  2059 | D:4      | Reached skill level 5 in Fighting
  2059 | D:4      | Reached XP level 6. HP: 48/56 MP: 5/5
  2198 | D:4      | Found a stormy altar of Qazlal.
  2270 | D:4      | Found a shimmering altar of Xom.
  2376 | D:4      | Reached skill level 5 in Armour
  2406 | D:4      | Found Cudach's Distillery.
  2471 | D:4      | Bought a potion of curing for 33 gold pieces
  2523 | D:5      | Entered Level 5 of the Dungeon
  2534 | D:5      | Found a sparkling altar of Nemelex Xobeh.
  2567 | D:5      | Reached skill level 1 in Throwing
  2567 | D:5      | Reached XP level 7. HP: 61/61 MP: 6/6
  2620 | D:5      | Found a shadowy altar of Dithmenos.
  2622 | D:5      | Found a snail-covered altar of Cheibriados.
  2624 | D:5      | Found a hide-covered altar of Uskayaw.
  2822 | D:5      | Reached skill level 5 in Shields
  2859 | D:5      | Found Pexyagus's Book Emporium.
  3212 | D:6      | Reached XP level 8. HP: 68/70 MP: 7/7
  3220 | D:6      | Reached skill level 5 in Axes
  3241 | D:6      | Found a bloodstained altar of Trog.
  3313 | D:6      | Found an ancient bone altar of Kikubaaqudgha.
  3323 | D:6      | Noticed Jeremiah
  3855 | D:6      | Killed Jeremiah
  4287 | D:7      | Reached XP level 9. HP: 79/79 MP: 8/8
  4323 | D:7      | Found a staircase to the Ecumenical Temple.
  4333 | Temple   | Entered the Ecumenical Temple
  4339 | Temple   | Became a worshipper of Warmaster Okawaru
  4354 | D:7      | Noticed Pikel
  4368 | D:7      | Killed Pikel
  4400 | D:7      | Reached skill level 5 in Dodging
  4510 | D:7      | Found a runed translucent door.
  4511 | D:7      | Found a burning altar of Makhleb.
  4511 | D:7      | Noticed a sixfirhy
  4542 | D:7      | Found Uwaffuamm's CLEARANCE SALE!.
  4763 | D:7      | Reached * piety under Okawaru
  5217 | D:8      | Found a broken altar of Ashenzari.
  5284 | D:8      | Reached skill level 5 in Throwing
  5370 | D:8      | Reached ** piety under Okawaru
  5387 | D:8      | Reached XP level 10. HP: 72/89 MP: 6/9
  5446 | D:8      | Found a hazy altar of Hepliaklqana.
  5480 | D:8      | Paralysed by a hornet for 1 turns
  5736 | D:8      | Reached skill level 1 in Invocations
  5743 | D:8      | Reached skill level 1 in Evocations
  6023 | D:8      | Reached *** piety under Okawaru
  6029 | D:8      | Noticed a two-headed ogre
  6040 | D:8      | Killed a two-headed ogre
  6058 | D:8      | Found a staircase to the Lair.
  6762 | D:8      | Reached **** piety under Okawaru
  7294 | D:9      | Noticed a two-headed ogre
  7309 | D:9      | Killed a two-headed ogre
  7309 | D:9      | Reached ***** piety under Okawaru
  7419 | D:9      | Reached XP level 11. HP: 51/97 MP: 12/12
  8299 | D:10     | Entered Level 10 of the Dungeon
  8379 | D:10     | Found a blossoming altar of Fedhas.
  8490 | D:10     | Received a gift from Okawaru
  8680 | D:10     | Found a staircase to the Orcish Mines.
  8875 | D:10     | Noticed a two-headed ogre
  8885 | D:10     | Killed a two-headed ogre
  8888 | D:10     | Found a glowing golden altar of the Shining One.
  8962 | D:10     | Killed from afar by a vampire

Illustrated notes

Levels and vault maps discovered:
D:1:      heliophobic_arrival_enchanted_forest, layout_basic,
          ebering_ecumenical_altar_webs
D:2:      layout_basic, chequers_serial_rivers_marsh, minmay_tromino_v2,
          uniq_natasha
D:3:      layout_basic, serial_shops, nicolae_shop_rolled_up
D:4:      layout_cave_pools, lemuel_doored_altar, old_standard_altar,
          serial_shops, nicolae_shop_peninsula, uniq_duvessa, uniq_eustachio
D:5:      layout_cave_pools, general_overflow_altar,
          gammafunk_temple_overflow_forgotten, serial_shops,
          nicolae_book_shop_shelving
D:6:      layout_basic, lemuel_crystal_altar, marbit_many_paths, uniq_jeremiah
D:7:      layout_loops_ring, nzn_makhleb_speed_demon,
          minmay_temple_entry_offerings, nicolae_shop_clearance, uniq_pikel
D:8:      layout_layer_cave, evilmike_ruin_ashenzari,
          nicolae_overflow_crystal_walls, due_lair_maze_entry_diamond,
          kennysheep_generic_room_6
D:9:      layout_roguey
D:10:     layout_basic, fedhas_bush_and_centaur_altar, old_standard_altar,
          david_orc_1_choice, uniq_nergalle
Temple:   nicolae_temple_cloud_nine

Skill      XL: |  1  2  3  4  5  6  7  8  9 10 11 |
---------------+----------------------------------+-----
Long Blades    | 1 2 4 |  4.0
Fighting       | 4 5 6 7 8 9 |  9.6
Armour         | 4 5 6 8 9 |  9.3
Shields        | 4 5 6 7 8 |  8.9
Dodging        | 1 2 3 4 5 6 7 |  7.2
Axes           | 3 4 5 7 8 |  8.9
Throwing       | 1 2 3 5 6 |  6.0
Invocations    | 2 3 |  3.3
Evocations     | 2 3 |  3.2

Action                     |  1- 3 |  4- 6 |  7- 9 | 10-12 || total
---------------------------+-------+-------+-------+-------++-------
  Melee: Long sword        |    62 |   121 |   307 |   326 ||   816
         Headbutt          |     3 |    15 |    67 |    93 ||   178
         War axe           |       |       |    23 |    30 ||    53
  Throw: Dart              |       |       |     2 |     3 ||     5
 Invoke: Heroism           |       |       |       |     2 ||     2
  Evoke: Wand              |       |       |       |     2 ||     2
    Use: Scroll            |       |     6 |       |     5 ||    11
         Potion            |       |       |       |     2 ||     2
 Armour: Scale mail        |    46 |   111 |    96 |       ||   253
         Chain mail        |       |       |   174 |    25 ||   199
         Plate armour      |       |       |       |   283 ||   283
  Dodge: Dodged            |    33 |    81 |   157 |   193 ||   464
  Block: Buckler           |    17 |    43 |   107 |   121 ||   288
